 Dungeon Crawl Stone Soup version 0.25-a0-302-g9f758675c1 (webtiles) character file.

Game seed: 10097187614897816696, levelgen mode: deterministic

363 MoonlitKnight the Charmwright (level 6, -2/51 HPs)
             Began as a Gnoll Skald on Dec 20, 2019.
             Slain by a gnoll
             ... wielding a +0 halberd
              (12 damage)
             ... on level 4 of the Dungeon.
             The game lasted 00:07:42 (3395 turns).

MoonlitKnight the Charmwright (Gnoll Skald)         Turns: 3395, Time: 00:07:42

Health: -2/51      AC:  5    Str: 14    XL:     6   Next: 67%
Magic:  8/14       EV: 13    Int: 15    God:
Gold:   83         SH:  0    Dex: 16    Spells: 4/15 levels left

rFire    . . .     SeeInvis .   a - +0 spear
rCold    + . .     Gourm    .   (no shield)
rNeg     . . .     Faith    .   r - +0 ring mail
rPois    .         Spirit   .   (no helmet)
rElec    .         Reflect  .   (no cloak)
rCorr    .         Harm     .   (no gloves)
MR       .....                  (no boots)
Stlth    +.........             (no amulet)
HPRegen  0.17/turn              p - ring of protection from cold
MPRegen  0.14/turn              (no ring)

@: very slightly contaminated
A: distributed training, fangs 1, strong nose
a: no special abilities


You were on level 4 of the Dungeon.
You were very hungry.

You visited 1 branch of the dungeon, and saw 4 of its levels.

You collected 83 gold pieces.

Inventory:

Hand Weapons
 a - a +0 spear (weapon)
 b - a +1 hunting sling of freezing
Missiles
 f - 4 poisoned darts (quivered)
Armour
 r - a +0 ring mail (worn)
Jewellery
 m - an uncursed amulet of faith
 p - a ring of protection from cold (left hand)
Scrolls
 e - a scroll of fog
 g - a scroll of teleportation {unknown}
 h - 5 scrolls of identify
 o - 2 scrolls of remove curse
Potions
 c - 2 potions of agility {unknown}
 i - a potion of mutation {unknown}
 k - a potion of brilliance {unknown}
 l - a potion of magic {unknown}
 n - a potion of heal wounds {unknown}
 q - a potion of curing {unknown}
Comestibles
 d - 3 rations


   Skills:
 + Level 5.0 Fighting
 + Level 2.0 Short Blades
 + Level 2.0 Long Blades
 + Level 2.0 Axes
 + Level 2.0 Maces & Flails
 + Level 5.0 Polearms
 + Level 2.0 Staves
 + Level 2.0 Slings
 + Level 2.0 Bows
 + Level 2.0 Crossbows
 + Level 2.0 Throwing
 + Level 3.3 Armour
 + Level 5.0 Dodging
 + Level 2.0 Stealth
 + Level 2.0 Shields
 + Level 2.0 Unarmed Combat
 + Level 5.4 Spellcasting
 + Level 1.6 Conjurations
 + Level 1.6 Hexes
 + Level 5.7 Charms
 + Level 1.6 Summonings
 + Level 1.6 Necromancy
 + Level 1.6 Translocations
 + Level 1.6 Transmutations
 + Level 1.6 Fire Magic
 + Level 1.6 Ice Magic
 + Level 1.6 Air Magic
 + Level 1.6 Earth Magic
 + Level 1.6 Poison Magic
 + Level 2.2 Invocations
 + Level 2.0 Evocations


You had 4 spell levels left.
You knew the following spells:

 Your Spells              Type           Power        Failure   Level  Hunger
a - Spectral Weapon       Hex/Chrm       ###.....     21%         3    ###....
b - Shroud of Golubria    Chrm/Tloc      ###...       11%         2    #......
c - Infusion              Chrm           ###.         3%          1    None
d - Regeneration          Chrm/Necr      ###.......   21%         3    ###....
e - Song of Slaying       Chrm           ###.....     4%          2    #......

Your spell library contained the following spells:

 Spells                   Type           Power        Failure   Level  Hunger


Dungeon Overview and Level Annotations

Branches:
Dungeon (4/15)
 Temple: D:4-7

Altars:
Kikubaaqudgha
Nemelex Xobeh

Annotations:
D:3 1 runed translucent door, Crazy Yiuf
D:4 Edmund


Innate Abilities, Weirdness & Mutations

Your experience applies equally to all skills.
You have very sharp teeth.
Your uncanny sense of smell can sniff out nearby items.


Message History

a +0 halberd; a gnoll corpse You butcher the gnoll corpse.
Edmund the Younger comes into view.
He is wielding a +2 flail of crushing and wearing a +2 chain mail of fire resistance.
Things that are here:
a +0 halberd; 3 chunks of flesh; a gnoll skeleton You swap places.
There is a stone staircase leading up, spattered with blood here.
You swap places.
There is a stone staircase leading up, spattered with blood here.
Your skin stops crawling.
Your spectral weapon fades away.
The gnoll hits you from afar with a +0 halberd!
* * * LOW HITPOINT WARNING * * *
You are feeling very hungry.
The gnoll hits you with a +0 halberd.
* * * LOW HITPOINT WARNING * * *
Things that are here:
a +0 halberd; 3 chunks of flesh; a gnoll skeleton You hit the gnoll but do no damage.
The gnoll hits you with a +0 halberd!
You die...

##########...# #....# .#
........##...# #....# .
.....<..##...###....# .#
........##.....#....# .#
.........#>..#......# ..#
########.#...##.....###.#
..### #.....##..#......##..
#.....#####)................
#....<.@g.......##..#...
#######...###.........g.
###.# ##...#..##.. #.#
#.#.#..# . #.# #.#.##..# #.[
#....∆... ∆ ##. ###.#..#.


You could see a gnoll.

Vanquished Creatures
  Purgy (D:3)
  An orc wizard (D:3)
  Jessica (D:3)
  5 gnolls
  6 adders
  An ooze (D:3)
  2 worms
  2 dart slugs (D:1)
  2 leopard geckos (D:1)
  9 orcs (D:3)
  3 bats
  5 giant cockroaches
  13 goblins
  4 hobgoblins
  5 jackals
  11 kobolds
  4 quokkas
  2 ball pythons
  4 frilled lizards
  10 rats
91 creatures vanquished.

Vanquished Creatures (others)
  A spectral weapon (D:3)
1 creature vanquished.

Grand Total: 92 creatures vanquished

Notes
Turn   | Place    | Note
-------+----------+-------------------------------------------
     0 | D:1      | MoonlitKnight the Gnoll Skald began the quest for the Orb.
     0 | D:1      | Reached XP level 1. HP: 20/20 MP: 6/6
    46 | D:1      | Reached XP level 2. HP: 23/26 MP: 7/7
    87 | D:1      | Learned a level 2 spell: Shroud of Golubria
   461 | D:1      | Reached XP level 3. HP: 21/31 MP: 9/9
   529 | D:1      | Reached skill level 5 in Spellcasting
   587 | D:2      | Learned a level 3 spell: Spectral Weapon
   591 | D:2      | Learned a level 3 spell: Regeneration
   594 | D:2      | Learned a level 2 spell: Song of Slaying
   668 | D:2      | Reached skill level 1 in Invocations
   753 | D:2      | Reached skill level 1 in Short Blades
   753 | D:2      | Reached skill level 1 in Long Blades
   753 | D:2      | Reached skill level 1 in Axes
   753 | D:2      | Reached skill level 1 in Maces & Flails
   753 | D:2      | Reached skill level 1 in Staves
   753 | D:2      | Reached skill level 1 in Slings
   753 | D:2      | Reached skill level 1 in Bows
   753 | D:2      | Reached skill level 1 in Crossbows
   753 | D:2      | Reached skill level 1 in Throwing
   753 | D:2      | Reached skill level 1 in Stealth
   753 | D:2      | Reached skill level 1 in Shields
   753 | D:2      | Reached skill level 1 in Unarmed Combat
   753 | D:2      | Reached skill level 1 in Evocations
   948 | D:2      | Reached XP level 4. HP: 11/38 MP: 11/11
  1933 | D:3      | Reached skill level 1 in Conjurations
  1933 | D:3      | Reached skill level 1 in Hexes
  1933 | D:3      | Reached skill level 1 in Summonings
  1933 | D:3      | Reached skill level 1 in Necromancy
  1933 | D:3      | Reached skill level 1 in Translocations
  1933 | D:3      | Reached skill level 1 in Transmutations
  1933 | D:3      | Reached skill level 1 in Fire Magic
  1933 | D:3      | Reached skill level 1 in Ice Magic
  1933 | D:3      | Reached skill level 1 in Air Magic
  1933 | D:3      | Reached skill level 1 in Earth Magic
  1933 | D:3      | Reached skill level 1 in Poison Magic
  2242 | D:3      | Reached XP level 5. HP: 40/43 MP: 2/12
  2633 | D:3      | Noticed Purgy
  2645 | D:3      | Killed Purgy
  2645 | D:3      | Reached XP level 6. HP: 34/50 MP: 2/13
  2743 | D:3      | Found a sparkling altar of Nemelex Xobeh.
  2787 | D:3      | Found an ancient bone altar of Kikubaaqudgha.
  2884 | D:3      | Noticed Jessica
  2885 | D:3      | Killed Jessica
  2938 | D:3      | Found a runed translucent door.
  2939 | D:3      | Noticed Crazy Yiuf
  3040 | D:3      | Reached skill level 5 in Fighting
  3040 | D:3      | Reached skill level 5 in Polearms
  3040 | D:3      | Reached skill level 5 in Dodging
  3388 | D:4      | Noticed Edmund
  3395 | D:4      | Slain by a gnoll

Levels and vault maps discovered:
D:1:      dpeg_arrival_arbitrary_c, layout_basic
D:2:      layout_basic, minmay_puff
D:3:      layout_basic, nicolae_overflow_crystal_walls,
          nemelex_spade_bored_becter, uniq_crazy_yiuf_cottage, uniq_purgy,
          uniq_jessica
D:4:      layout_rooms, uniq_ijyb, uniq_edmund

Skill      XL: |  1  2  3  4  5  6 |
---------------+-------------------+-----
Spellcasting   | 5 |  5.4
Invocations    | 1 2 |  2.2
Short Blades   | 1 2 |  2.0
Long Blades    | 1 2 |  2.0
Axes           | 1 2 |  2.0
Maces & Flails | 1 2 |  2.0
Staves         | 1 2 |  2.0
Slings         | 1 2 |  2.0
Bows           | 1 2 |  2.0
Crossbows      | 1 2 |  2.0
Throwing       | 1 2 |  2.0
Stealth        | 1 2 |  2.0
Shields        | 1 2 |  2.0
Unarmed Combat | 1 2 |  2.0
Evocations     | 1 2 |  2.0
Conjurations   | 1 |  1.6
Hexes          | 1 |  1.6
Summonings     | 1 |  1.6
Necromancy     | 1 |  1.6
Translocations | 1 |  1.6
Transmutations | 1 |  1.6
Fire Magic     | 1 |  1.6
Ice Magic      | 1 |  1.6
Air Magic      | 1 |  1.6
Earth Magic    | 1 |  1.6
Poison Magic   | 1 |  1.6
Armour         | 3 |  3.3
Fighting       | 5 |  5.0
Polearms       | 5 |  5.0
Dodging        | 5 |  5.0
Charms         | |  5.7

Action                   |  1- 3 |  4- 6 || total
-------------------------+-------+-------++-------
Melee: Spear             |   134 |   200 ||   334
       Bite              |     7 |    17 ||    24
 Cast: Infusion          |     1 |     4 ||     5
       Spectral Weapon   |       |     7 ||     7
       Regeneration      |       |     3 ||     3
  Use: Scroll            |       |     4 ||     4
 Stab: Sleeping          |     2 |     3 ||     5
  Eat: Chunk             |       |     8 ||     8
Armor: Leather armour    |    14 |    12 ||    26
       Ring mail         |       |     5 ||     5
Dodge: Dodged            |    64 |   101 ||   165

Table legend:
 A = Non-vault XP
 B = Vault XP
 C = Vault XP percentage of total XP
 D = Non-vault monster count
 E = Vault monster count
 F = Vault count percentage of total count
                 A         B        C        D         E       F
            +---------+---------+-------+---------+---------+-------
      Total |     340 |     179 |  34.5 |      85 |       6 |   6.6
            +---------+---------+-------+---------+---------+-------
        D:1 |      45 |       0 |   0.0 |      24 |       0 |   0.0
        D:2 |      59 |      10 |  14.5 |      22 |       4 |  15.4
        D:3 |     208 |     169 |  44.8 |      37 |       2 |   5.1
        D:4 |      28 |       0 |   0.0 |       2 |       0 |   0.0
            +---------+---------+-------+---------+---------+-------
